 Dungeon Sprint DCSS version 0.26.1-10-gdfb7c7de75 (webtiles) character file.

Game seed: 2147441202449571941

444 phalm the Covert (level 6, -6/36 HPs)
             Began as a Spriggan Artificer on Apr 8, 2021.
             Was an Initiate of Gozag.
             Shot with an arrow by a centaur warrior (12 damage)
             ... in the Dungeon (Sprint I: "Red Sonja").
             The game lasted 00:02:46 (244 turns).

phalm the Covert (Spriggan Artificer)                Turns: 244, Time: 00:02:47

Health: -6/36      AC:  2    Str:  8    XL:     6   Next: 72%
Magic:  7/7        EV: 28    Int: 12    God:    Gozag
Gold:   228        SH:  0    Dex: 19    Spells: 5/5 levels left

rFire    . . .     SeeInvis +   a - +0 short sword
rCold    . . .     Faith    .   (shield restricted)
rNeg     . . .     Spirit   .   b - +0 robe
rPois    .         Reflect  .   (helmet restricted)
rElec    .         Harm     .   (no cloak)
rCorr    .         Rampage  .   (gloves unavailable)
Will     +....     NoTele   +   (boots unavailable)
Stlth    +++.......             (no amulet)
HPRegen  0.12/turn              (no ring)
MPRegen  0.10/turn              (no ring)

@: slow
A: very small, unfitting armour, see invisible, speed 3
a: Renounce Religion, Potion Petition, Call Merchant, Bribe Branch


You were in the Dungeon.
You worshipped Gozag.
Gozag was aware of your devotion.
You visited 1 branch You collected 297 gold pieces.
You spent 69 gold pieces at shops.

Inventory:

Hand Weapons
 a - a +0 short sword (weapon)
Armour
 b - a +0 robe (worn)
Wands
 c - a wand of flame (5) (quivered)
 d - a wand of enslavement (14)
 e - a wand of random effects (3)
 m - a wand of iceblast (2)
Scrolls
 k - a scroll of blinking
Potions
 f - a potion of curing
 g - a potion of heal wounds
 h - a potion of haste
 i - 2 potions of magic
 j - a potion of berserk rage
 l - 2 potions of cancellation {unknown}


   Skills:
 + Level 6.0 Fighting
 + Level 10.8 Dodging
 + Level 11.2 Stealth
 + Level 10.2 Evocations


You had 5 spell levels left.
You didn't know any spells.
Your spell library was empty.

Dungeon Overview and Level Annotations

Branches:
Dungeon (1/1)

Altars:
Cheibriados
Dithmenos
Elyvilon
Fedhas
Gozag
Hepliaklqana
Kikubaaqudgha
Nemelex Xobeh
Okawaru
Qazlal
Ru
Sif Muna
Trog
Uskayaw
Vehumet
Wu Jian
Yredelemnul
Zin
The Shining One

Shops:
D (


Innate Abilities, Weirdness & Mutations

You are very small and have problems with some larger weapons.
You are too small for most types of armour.
You have supernaturally acute eyesight. (SInv)
You cover ground extremely quickly.


Message History

* * * LOW HITPOINT WARNING * * *
You hear a splash.
Unknown command.
Aiming: Iceblast
Press: ? - help, Shift-Dir - straight line The mass of ice explodes!
The iceblast engulfs the centaur warrior!!
The centaur warrior is severely wounded.
The iceblast engulfs the centaur warrior!!
The centaur warrior is almost dead.
The centaur warrior shoots an arrow.
The arrow completely misses you.
The centaur warrior shoots an arrow.
The arrow closely misses you.
You hear a splash.
You hit the centaur warrior.
The centaur warrior is severely wounded.
The centaur warrior unwields a +0 longbow.
The centaur warrior barely misses you.
The centaur warrior shoots an arrow.
The arrow hits you!
You die...
Your body crumbles into a pile of gold.

##############
.#..'..#.)'..# $$ $$
.)..#..'..#..+ $$ $
[#####'#####'# ### $
.####..#...#.####§§# $
$
.#__####..##)#§≈@c§#$$
$ .#_____##'#_.'≈§§§§+
$
⌠#_.∩...'...§#≈§§§c#$$
$$
##_..__##_.#'##+####
$#_____###+#.# $
####### ### $ $ $ $$
$$ $$ $ $ $ $$ $


$$$$$ You could see 2 centaur warriors.

Vanquished Creatures
  Sigmund (D)
  A yak (D)
  An ogre (D)
  A jelly (D)
  Ijyb (D)
5 creatures vanquished.

Notes
Turn   | Place    | Note
-------+----------+-------------------------------------------
     0 | D        | phalm the Spriggan Artificer began the quest for the Orb.
     0 | D        | Reached XP level 1. HP: 9/9 MP: 2/2
     2 | D        | Noticed Ijyb
    27 | D        | Killed Ijyb
    28 | D        | Reached skill level 5 in Dodging
    28 | D        | Reached skill level 4 in Stealth
    28 | D        | Reached skill level 5 in Evocations
    28 | D        | Reached XP level 2. HP: 16/16 MP: 3/3
    33 | D        | Noticed an ogre
    41 | D        | Killed an ogre
    42 | D        | Reached skill level 7 in Stealth
    42 | D        | Reached XP level 3. HP: 21/21 MP: 4/4
    42 | D        | Reached XP level 4. HP: 25/25 MP: 5/5
    59 | D        | Noticed Sigmund
    75 | D        | Killed Sigmund
    76 | D        | Reached skill level 5 in Fighting
    76 | D        | Reached skill level 9 in Stealth
    76 | D        | Reached XP level 5. HP: 30/30 MP: 6/6
    89 | D        | Found an ornate altar of the Wu Jian Council.
    89 | D        | Found a shimmering blue altar of Sif Muna.
    91 | D        | Found a radiant altar of Vehumet.
   104 | D        | Reached skill level 10 in Stealth
   104 | D        | Reached XP level 6. HP: 29/35 MP: 7/7
   179 | D        | Found Punkez's Antique Weapon Emporium.
   179 | D        | Found an ancient bone altar of Kikubaaqudgha.
   179 | D        | Found a hazy altar of Hepliaklqana.
   179 | D        | Found a hide-covered altar of Uskayaw.
   179 | D        | Found a basalt altar of Yredelemnul.
   179 | D        | Found an opulent altar of Gozag.
   179 | D        | Found a snail-covered altar of Cheibriados.
   179 | D        | Found a sacrificial altar of Ru.
   179 | D        | Found a shadowy altar of Dithmenos.
   179 | D        | Noticed a yak
   180 | D        | Found a stormy altar of Qazlal.
   180 | D        | Found a blossoming altar of Fedhas.
   180 | D        | Found a bloodstained altar of Trog.
   180 | D        | Found an iron altar of Okawaru.
   180 | D        | Found a glowing silver altar of Zin.
   181 | D        | Found a glowing golden altar of the Shining One.
   181 | D        | Found a white marble altar of Elyvilon.
   200 | D        | Killed a yak
   201 | D        | Reached skill level 10 in Dodging
   201 | D        | Reached skill level 11 in Stealth
   201 | D        | Reached skill level 10 in Evocations
   216 | D        | Found a sparkling altar of Nemelex Xobeh.
   220 | D        | Bought a short sword for 69 gold pieces
   224 | D        | Became a worshipper of Gozag Ym Sagoz the Greedy
   238 | D        | Noticed a centaur warrior
   238 | D        | Noticed a centaur warrior
   244 | D        | Shot with an arrow by a centaur warrior

Illustrated notes

Levels and vault maps discovered:
D:        dungeon_sprint_1 [red_sonja_temple_1, red_sonja_temple_small_1]

Skill      XL: |  1  2  3  4  5  6 |
---------------+-------------------+-----
Fighting       | 2 3 5 6 |  6.0
Dodging        | 5 7 9 10 | 10.8
Stealth        | 4 7 9 10 11 | 11.2
Evocations     | 5 7 9 10 | 10.2

Action                   |  1- 3 |  4- 6 || total
-------------------------+-------+-------++-------
Melee: Club              |     2 |    15 ||    17
       Short sword       |       |     1 ||     1
       War axe           |       |     1 ||     1
Evoke: Wand              |    16 |     9 ||    25
 Stab: Paralysed         |       |    13 ||    13
       Sleeping          |       |     1 ||     1
Dodge: Dodged            |    11 |    10 ||    21
